 Dungeon Crawl Stone Soup version 0.31-a0-75-g6fe912e8c5 (webtiles) character file.

Game seed: 4225629386071496355

2525048 TittyCrusher the Middleweight Champion (level 27, 198/198 HPs)
             Began as an Octopode Transmuter on May 23, 2023.
             Was the Champion of Cheibriados.
             Escaped with the Orb
             ... and 4 runes!
             The game lasted 03:26:10 (62220 turns).

TittyCrusher the Middleweight Champion (OpTm)      Turns: 62220, Time: 03:26:11

Health: 198/198    AC:  8    Str: 46      XL:     27
Magic:  31/31      EV: 43    Int: 33 (36) God:    Cheibriados [******]
Gold:   4950       SH: 15    Dex: 55      Spells: 0/51 levels left

rFire   + + +        b - +3 Elemental Staff {rElec rF+ rC+ AC+3}
rCold   + + +        N - +3 warlock's mirror {omnireflect}
rNeg    + . .        W - +0 hat of Dithmenos, Supporting {rF- Will++ Regen+ rCorr}
rPois   .            j - amulet "Lofal" {Regen+ rCorr Dex+2}
rElec   +            u - +6 ring of dexterity
rCorr   +            y - +6 ring of dexterity
SInv    .            G - ring of the Bursted God {rF- rC+ Will+ Int+6 Dex+7}
Will    +++++        h - +4 ring of protection
Stlth   +++          x - ring "Zinyl" {rF+++ rC+}
HPRegen 2.13/turn    I - +6 ring of strength
MPRegen 0.22/turn    g - +6 ring of strength
                     r - ring "Nizump" {rF+ rN+ Will++ Dex+2}

%: reflection
@: studying Short Blades, very slow
A: almost no armour, amphibious, 8 rings, camouflage 1, gelatinous body 1,
(nimble swimmer 1), tentacles, low MP 2, strong-willed 1, subdued magic 1
0: Orb of Zot
}: 4/15 runes: barnacled, slimy, silver, gossamer
a: Renounce Religion, Bend Time, Temporal Distortion, Slouch, Step From Time


You escaped.
You worshipped Cheibriados.
Cheibriados was exalted by your worship.
You visited 12 branches of the dungeon, and saw 56 of its levels.
You also visited: Trove, Sewer, Ice Cave and Wizlab.

You collected 8871 gold pieces.
You spent 3921 gold pieces at shops.

Inventory:

Hand Weapons
 b - the +3 Elemental Staff (weapon) {rElec rF+ rC+ AC+3}
   (You found it on level 5 of the Vaults)

   It enhances your fire, ice, earth and air magic.
   AC:        It affects your AC (+3).
   rF:        It protects you from fire.
   rC:        It protects you from cold.
   rElec:     It insulates you from electricity.
 e - the +8 orcbow of the Arena {freeze, +Blink Will+}
   (You found it on level 5 of the Realm of Zot)

   +Blink:    It lets you blink.
   Will:      It increases your willpower.
Armour
 N - the +3 warlock's mirror (worn) {omnireflect}
   (You bought it in a shop on level 11 of the Dungeon)

   Omnireflect: It can block and reflect piercing ranged attacks and magical
   attacks against the wielder's willpower.
 W - the +0 hat of Dithmenos, Supporting (worn) {rF- Will++ Regen+ rCorr}
   (You acquired it on level 5 of the Pits of Slime)

   rF:        It makes you vulnerable to fire.
   Regen:     It increases your rate of health regeneration.
   rCorr:     It protects you from acid and corrosion.
   Will:      It greatly increases your willpower.
Magical Staves
 Q - the staff of conjuration "Plog" {Will- Int+6}
   (You found it on level 5 of the Pits of Slime)

   [staff of conjuration]

   Base accuracy: +5 Base damage: 5 Base attack delay: 1.2 This weapon's minimum
   attack delay (0.6) is reached at skill level 12.
   Int:       It affects your intelligence (+6).
   Will:      It decreases your willpower.
   It falls into the 'Staves' category.
   It is a one-tentacled weapon.
Jewellery
 g - a +6 ring of strength (on tentacle)
 h - a +4 ring of protection (on tentacle)
 j - the amulet "Lofal" (around mantle) {Regen+ rCorr Dex+2}
   (You found it on level 5 of the Pits of Slime)

   [amulet of regeneration]

   Dex:       It affects your dexterity (+2).
   Regen:     It increases your rate of health regeneration.
   rCorr:     It protects you from acid and corrosion.
 k - a ring of fire
 m - a ring of flight
 p - the amulet of the Air {Inacc Air Fly rElec RMsl}
   (You found it on level 5 of the Pits of Slime)

   [amulet of nothing]

   Inacc:     It reduces the accuracy of your attacks and spells.
   Air:       It enhances your air magic.
   rElec:     It insulates you from electricity.
   Fly:       It grants you flight.
   RMsl:      It protects you from missiles.
 r - the ring "Nizump" (on tentacle) {rF+ rN+ Will++ Dex+2}
   (You found it on level 3 of the Elven Halls)

   [ring of positive energy]

   Dex:       It affects your dexterity (+2).
   rF:        It protects you from fire.
   rN:        It protects you from negative energy.
   Will:      It greatly increases your willpower.
 u - a +6 ring of dexterity (left tentacle)
 x - the ring "Zinyl" (on tentacle) {rF+++ rC+}
   (You found it on level 3 of the Elven Halls)

   [ring of protection from cold]

   rF:        It renders you almost immune to fire.
   rC:        It protects you from cold.
 y - a +6 ring of dexterity (right tentacle)
 D - a ring of positive energy
 G - the ring of the Bursted God (on tentacle) {rF- rC+ Will+ Int+6 Dex+7}
   (You bought it in a shop on level 1 of the Depths)

   [ring of intelligence]

   Int:       It affects your intelligence (+6).
   Dex:       It affects your dexterity (+7).
   rF:        It makes you vulnerable to fire.
   rC:        It protects you from cold.
   Will:      It increases your willpower.
 I - a +6 ring of strength (on tentacle)
 L - a ring of see invisible
 S - the ring of Ysedai {Fly rCorr}
   (You took it off a fire giant on level 5 of the Vaults)

   [ring of resist corrosion]

   Fly:       It grants you flight.
   rCorr:     It protects you from acid and corrosion.
 V - a ring of fire
 Z - a +6 ring of intelligence
Wands
 a - a wand of iceblast (68)
 E - a wand of digging (25)
 O - a wand of polymorph (28)
 U - a wand of light (40)
Scrolls
 c - 23 scrolls of teleportation
 d - 12 scrolls of poison
 f - 9 scrolls of vulnerability
 i - 7 scrolls of fog
 s - 8 scrolls of blinking
 z - 3 scrolls of silence
 B - 4 scrolls of torment
 F - 5 scrolls of fear
 H - 8 scrolls of magic mapping
 P - 3 scrolls of butterflies
 R - 5 scrolls of immolation
Potions
 l - 15 potions of enlightenment
 o - 5 potions of cancellation
 q - 16 potions of brilliance
 t - 6 potions of might
 v - 19 potions of heal wounds
 w - 6 potions of magic
 A - 24 potions of curing
 C - 7 potions of invisibility
 J - 5 potions of lignification
 M - 8 potions of mutation
 T - 10 potions of attraction
 X - 8 potions of ambrosia
 Y - 3 potions of resistance
Miscellaneous
 n - a phial of floods
 K - a condenser vane (inert)


   Skills:
 - Level 18.8 Fighting
 - Level 0.1 Throwing
 - Level 14.2 Dodging
 - Level 10.0 Stealth
 - Level 10.0 Shields
 O Level 27 Unarmed Combat
 - Level 12.5 Spellcasting
 - Level 2.0 Hexes
 + Level 20.3 Translocations
 - Level 17.2 Transmutations
 - Level 6.0 Ice Magic
 - Level 10.2 Air Magic
 - Level 12.3 Earth Magic
 - Level 4.5 Poison Magic
 - Level 15.0 Invocations
 - Level 10.0 Evocations


You couldn't memorise any spells.
You knew the following spells:

 Your Spells              Type           Power      Damage    Failure   Level
a - Frozen Ramparts       Ice            100%       1d16      1%          3
b - Wereblood             Tmut           80%        N/A       0%          2
c - Statue Form           Tmut/Erth      60%        N/A       1%          6
d - Airstrike             Air            40%        2d(6-22)  1%          4
e - Dragon Form           Tmut           40%        N/A       1%          7
f - Confusing Touch       Hex            26%        N/A       2%          3
g - Storm Form            Tmut/Air       43%        N/A       12%         7
h - Vhi's Electric Charg  Tloc/Air       100%       N/A       0%          3
i - Blink                 Tloc           100%       N/A       0%          2
j - Lesser Beckoning      Tloc           100%       N/A       0%          2
k - Manifold Assault      Tloc           87%        N/A       0%          4
l - Disjunction           Tloc           43%        N/A       2%          8

Your spell library contained the following spells:

 Spells                   Type           Power      Damage    Failure   Level
 Beastly Appendage        Tmut           100%       N/A       0%          1
 Gell's Gravitas          Tloc           87%        N/A       0%          3
 Teleport Other           Tloc           87%        N/A       0%          3
 Passage of Golubria      Tloc           87%        N/A       0%          4
 Freeze                   Ice            100%       1d10      1%          1
 Magic Dart               Conj           60%        1d6       1%          1
 Necrotise                Necr           60%        1d7       1%          1
 Shock                    Conj/Air       100%       1d9       1%          1
 Slow                     Hex            100%       N/A       1%          1
 Sting                    Tmut/Pois      100%       1d8       1%          1
 Summon Small Mammal      Summ           60%        N/A       1%          1
 Cigotuvi's Dreadful Rot  Necr/Pois/Air  90%        N/A       1%          2
 Poisonous Vapours        Pois/Air       100%       N/A       1%          2
 Ignite Poison            Fire/Tmut/Pois 58%        N/A       1%          3
 Mephitic Cloud           Conj/Pois/Air  45%        N/A       1%          3
 Portal Projectile        Hex/Tloc       100%       N/A       1%          3
 Spider Form              Tmut/Pois      58%        N/A       1%          3
 Swiftness                Air            80%        N/A       1%          3
 Volatile Blastmotes      Fire/Tloc      100%       2d18      1%          3
 Ice Form                 Ice/Tmut       79%        N/A       1%          4
 Iskenderun's Mystic Bla  Conj/Tloc      56%        2d12      1%          4
 Leda's Liquefaction      Hex/Erth       30%        N/A       1%          4
 Petrify                  Tmut/Erth      90%        N/A       1%          4
 Blade Hands              Tmut           40%        N/A       1%          5
 Lee's Rapid Deconstruct  Erth           43%        3d21*     1%          5
 Summon Forest            Summ/Tloc      28%        N/A       1%          5
 Yara's Violent Unravell  Hex/Tmut       27%        3d12      1%          5
 Dispersal                Tloc           43%        N/A       1%          6
 Scorch                   Fire           46%        2d7       2%          2
 Searing Ray              Conj           30%        2d5       2%          2
 Hailstorm                Conj/Ice       34%        3d9       2%          3
 Olgreb's Toxic Radiance  Pois           38%        N/A       2%          4
 Irradiate                Conj/Tmut      25%        3d20      2%          5
 Kiss of Death            Conj/Necr      28%        2d7       3%          1
 Summon Lightning Spire   Summ/Air       50%        N/A       4%          4
 Call Canine Familiar     Summ           15%        N/A       5%          3
 Vampiric Draining        Necr           15%        2d7       5%          3
 Eringya's Noxious Bog    Tmut/Pois      29%        N/A       6%          6
 Dazzling Flash           Conj/Hex       26%        N/A       7%          3
 Inner Flame              Hex/Fire       19%        N/A       7%          3
 Summon Guardian Golem    Hex/Summ       13%        N/A       7%          3
 Cause Fear               Hex            13%        N/A       8%          4
 Borgnjor's Vile Clutch   Necr/Erth      28%        N/A       8%          5
 Silence                  Hex/Air        27%        N/A       8%          5
 Summon Ice Beast         Ice/Summ       34%        N/A       11%         4
 Arcjolt                  Conj/Air       25%        1d35      13%         5
 Animate Dead             Necr           15%        N/A       21%         4
 Dispel Undead            Necr           15%        3d10      21%         4
 Metabolic Englaciation   Hex/Ice        21%        N/A       21%         5
 Anguish                  Hex/Necr       6%         N/A       24%         4
 Fulminant Prism          Conj/Hex       6%         3d6       24%         4
 Flame Wave               Conj/Fire      11%        2d6       36%         4
 Sticky Flame             Conj/Fire      11%        2d3       36%         4
 Iron Shot                Conj/Erth      28%        9d6       43%         6
 Agony                    Necr           15%        N/A       50%         5
 Iskenderun's Battlesphe  Conj           15%        2d7       50%         5
 Summon Mana Viper        Hex/Summ       13%        N/A       58%         5
 Conjure Ball Lightning   Conj/Air       25%        3x3d7     58%         6
 Ozocubu's Refrigeration  Ice            31%        4d14      83%         7
 Simulacrum               Ice/Necr       17%        N/A       87%         6
 Maxwell's Capacitive Co  Air            40%        ∞         91%         8
 Death Channel            Necr           7%         N/A       98%         6
 Summon Cactus Giant      Summ           7%         N/A       98%         6
 Starburst                Conj/Fire      5%         6d4       100%        6
 Enfeeble                 Hex            13%        N/A       100%        7
 Haunt                    Necr/Summ      3%         N/A       100%        7
 Orb of Destruction       Conj           7%         9d6       100%        7
 Spellforged Servitor     Conj/Summ      3%         N/A       100%        7
 Summon Hydra             Summ           7%         N/A       100%        7
 Borgnjor's Revivificati  Necr           7%         N/A       100%        8
 Ignition                 Fire           11%        3d5       100%        8
 Infestation              Necr           7%         N/A       100%        8
 Lehudib's Crystal Spear  Conj/Erth      28%        10d7      100%        8
 Necromutation            Tmut/Necr      25%        N/A       100%        8
 Chain Lightning          Conj/Air       25%        3d33      100%        9
 Death's Door             Necr           7%         N/A       100%        9
 Dragon's Call            Summ           7%         N/A       100%        9
 Fire Storm               Conj/Fire      5%         8d2       100%        9
 Polar Vortex             Ice            31%        N/A       100%        9
 Shatter                  Erth           43%        3d34*     100%        9
 Animate Armour           Summ/Erth      Unusable   N/A       N/A         4

Dungeon Overview and Level Annotations

Branches:
Dungeon (15/15)            Temple (1/1) D:5            Lair (5/5) D:8
 Shoals (4/4) Lair:2       Spider (4/4) Lair:3        Slime (5/5) Lair:4
    Orc (2/2) D:11            Elf (3/3) Orc:2        Vaults (5/5) D:14
  Crypt (3/3) Vaults:3       Tomb (0/3) Crypt:3      Depths (4/4) D:15
    Zot (5/5) Depths:4      Sewer (visited)           IceCv (visited)
 WizLab (visited)

Altars:
Ashenzari
Cheibriados
Dithmenos
Elyvilon
Fedhas
Gozag
Hepliaklqana
Kikubaaqudgha
Makhleb
Nemelex Xobeh
Okawaru
Qazlal
Ru
Sif Muna
Trog
Uskayaw
Vehumet
Wu Jian
Xom
Yredelemnul
Zin
The Shining One
Jiyva
Lugonu

Shops:
D:11 *[(   Orc:2 =*[((   Elf:3 (   Shoals:1 *   Vaults:3 [   Depths:1 =::
Depths:3 !([

Portals:
Hell: Depths:1 Depths:2 Depths:3 Depths:4
Abyss: Depths:1 Depths:2 Depths:3
Pandemonium: Depths:2
Ziggurat: Depths:2

Annotations:
D:3 exclusion: downstairs
D:6 Maggie
D:7 exclusion: upstairs
Depths:4 4 runed translucent doors


Innate Abilities, Weirdness & Mutations

You cannot wear most types of armour.
You are amphibious.
You can wear up to eight rings at the same time.
Your skin changes colour to match your surroundings (Stealth+).
Your rubbery body absorbs attacks. (AC +1, EV +1)
((You are camouflaged when in or above water. (Stealth+)))
You have tentacles for arms and can constrict up to eight enemies at once.
Your magical capacity is very low. (-20% MP)
You are strong-willed. (Will+)
Your spells are a little easier to cast, but a little less powerful.


Message History

The profane servitor completely misses you.
You block the profane servitor's attack.
There is a staircase leading out of the dungeon here.
You thrash the profane servitor!!! Your grab misses the profane servitor.
You tentacle-slap the profane servitor. You squeeze the profane servitor!
The profane servitor is moderately damaged.
You batter the profane servitor!! Your grab misses the profane servitor.
The profane servitor is heavily damaged.
You block the profane servitor's attack.
The profane servitor completely misses you.
You tentacle-slap the profane servitor but do no damage.
Your grab misses the profane servitor. You squeeze the profane servitor.
The profane servitor is heavily damaged.
An Orb Guardian comes into view.
The profane servitor hits you with a +1 demon whip!!
The profane servitor draws strength from your injuries!
The profane servitor completely misses you.
You batter the profane servitor!! You grab the profane servitor.
You tentacle-slap the profane servitor!!
You squeeze the profane servitor.
You destroy the profane servitor!
Cheibriados thoroughly appreciates the change of pace.
Your life force feels restored.
The Orb Guardian hits you!! The Orb Guardian completely misses you.
You batter the Orb Guardian!!
The Orb Guardian is moderately wounded.
The Orb Guardian completely misses you.
You batter the Orb Guardian!!
The Orb Guardian is severely wounded.
You block the Orb Guardian's attack.
You bludgeon the Orb Guardian!
The Orb Guardian is almost dead.
You batter the Orb Guardian!!
You kill the Orb Guardian!
Cheibriados thoroughly appreciates the change of pace.
You start resting.
HP restored.
There is a staircase leading out of the dungeon, spattered with blood here.
b - the +3 Elemental Staff (weapon)
{rElec rF+ rC+ AC+3} You have escaped!

#........# ##### #........##
....##########..#....#
###........##[.#.#...########
#...####......#...#.........#
#........#####.....#####....#
[...#.....#...........#...†.#
.####......#.........#......#
## ##.....#....@....#.)#####
.#####....#......)....#..#
....##...#####.....#####.#
###...#.......#...#......##
............#..#.#........#
..###........#..#...#####.#
..##..........#...[.# #.#
####..........#.##.### #.#
#[...........##...## #.#


There were no monsters in sight!

Vanquished Creatures
  the Royal Jelly (Slime:5)
  An ancient lich (Crypt:3)
  2 dread liches (Zot:5)
  6 orbs of fire
  Mennas (Crypt:2)
  The ghost of Foeck the Wrestler, a veteran TrCK of Xom (Zot:3)
  Sojobo (Depths:2)
  A pandemonium lord (D:15)
  Boris (twice) (Depths:2 Depths:3)
  Parghit (Zot:1)
  Bai Suzhen (Crypt:2)
  The ghost of Qiokh the Slayer, a veteran MiBe of Trog (Elf:1)
  3 Killer Klowns (Zot:5)
  A curse toe (Zot:4)
  5 golden dragons
  Nikola (Shoals:2)
  Jory (Crypt:1)
  The ghost of Vailuoroe the Devastator, a veteran GrEE of Lugonu (Crypt:1)
  A profane servitor (D:1)
  Arachne (Spider:2)
  2 bone dragons (Crypt:3)
  3 electric golems
  12 tentacled monstrosities
  Mlioglotl (Shoals:4)
  30 Orb Guardians
  10 liches
  A Hell Sentinel (Zot:3)
  3 deep elf blademasters
  15 acid blobs
  2 deep elf master archers (Elf:3)
  Asterion (Spider:4)
  5 titans
  Polyphemus (Shoals:2)
  12 ancient champions
  3 quicksilver dragons
  A walking divine tome (Depths:3)
  11 death cobs
  5 sphinxes
  Gastronok (D:10)
  2 krakens
  Kirke (Lair:4)
  11 storm dragons
  13 tengu reavers
  5 draconian monks
  8 shadow dragons
  Donald (Spider:2)
  9 revenants
  Ilsuiw (Shoals:2)
  10 rockslimes
  A daeva (D:15)
  8 frost giants
  Roxanne (Elf:1)
  7 emperor scorpions
  4 draconian knights
  2 spectral caustic shrikes (WizLab)
  11 azure jellies
  9 ghost moths
  3 iron dragons
  5 deep elf sorcerers
  3 draconian scorchers
  3 caustic shrike zombies
  12 fire giants
  12 vault wardens
  8 draconian shifters
  Louise (Depths:3)
  A curse skull (Crypt:3)
  15 ironbound preservers
  9 war gargoyles
  2 ghouls (Crypt:3)
  A reaper (Depths:1)
  5 deep elf elementalists (Elf:3)
  3 orc warlords
  9 quicksilver oozes
  2 spriggan defenders (Depths:3)
  13 draconian annihilators
  A caustic shrike skeleton (Crypt:3)
  3 broodmothers (Spider:4)
  A draconian stormcaller (Depths:4)
  28 very ugly things
  A juggernaut skeleton (Crypt:3)
  11 green draconians
  23 stone giants
  10 ironbound thunderhulks
  9 deep elf demonologists
  10 black draconians
  18 red draconians
  6 deep elf annihilators
  6 halazid warlocks (WizLab)
  16 dire elephants
  A spectral titan (WizLab)
  9 yellow draconians
  13 spark wasps
  11 vampire knights
  12 white draconians
  8 purple draconians
  A spark wasp (shapeshifter) (Depths:2)
  A crystal guardian (Vaults:3)
  Snorg (Orc:2)
  2 blizzard demons (IceCv)
  16 jiangshi
  5 eidola
  20 ettins
  6 formless jellyfish
  9 merfolk impalers
  2 spectral quicksilver dragons (WizLab)
  Josephine (D:11)
  6 deep elf death magi
  6 entropy weavers
  5 merfolk javelineers
  10 fire dragons
  8 deep elf high priests
  2 quicksilver dragon skeletons (Crypt:3)
  6 great orbs of eyes
  18 yaktaur captains
  7 rakshasas
  A caustic shrike simulacrum (IceCv)
  2 peacekeepers (Vaults:3)
  3 spriggan zombies (Crypt:1)
  A bennu zombie (Crypt:2)
  A hydra (D:13)
  31 vault guards
  2 spriggan skeletons
  4 catoblepae
  3 spriggan air magi
  5 centaur warriors
  7 ice dragons
  A boulder beetle (shapeshifter) (Depths:4)
  3 jorogumos (Spider:3)
  3 radroaches
  6 ironbound frosthearts
  3 hell beasts
  2 merfolk aquamancers (Shoals:4)
  4 two-headed ogres
  An alligator snapping turtle (Shoals:4)
  8 satyrs
  8 death yaks
  2 boulder beetles
  6 merfolk avatars
  A death knight (Crypt:3)
  32 dancing weapons
  8 deep troll shamans
  4 orc high priests
  2 tengu warriors (Depths:1)
  10 vampire magi
  12 deep troll earth magi
  4 spriggans (Depths:4)
  6 spriggan berserkers
  9 hell knights
  A titan zombie (WizLab)
  19 deep elf knights
  7 skysharks
  2 soul eaters
  The ghost of Zonian the Slicer, a novice TeAE of Ashenzari (D:8)
  62 skeletal warriors
  A titan skeleton (Crypt:3)
  2 shadow wraiths
  A sixfirhy (Depths:2)
  A ghost moth zombie (Crypt:1)
  3 pharaoh ants
  A salamander mystic (Depths:1)
  10 iron trolls
  A golden dragon zombie (Depths:2)
  2 sun moths
  2 death drakes (shapeshifter)
  10 glowing orange brains
  19 sea snakes
  A quicksilver dragon simulacrum (Depths:1)
  4 orb spiders
  An anaconda zombie (Crypt:1)
  17 deep elf archers
  3 spectral spark wasps (WizLab)
  2 shadow demons
  7 flayed ghosts
  An obsidian statue (IceCv)
  49 deep trolls
  7 steelbarb worms
  3 bog bodies
  9 spriggan simulacra (IceCv)
  A swamp dragon (Spider:1)
  2 anaconda skeletons (Crypt:3)
  17 harpies
  18 ironbound convokers
  16 phantasmal warriors
  9 necromancers
  11 orc knights
  6 orc sorcerers
  10 wizards
  A lindwurm (shapeshifter) (Vaults:5)
  10 lindwurms
  25 wolf spiders
  A fire giant zombie (Depths:2)
  35 ugly things
  2 golden dragon skeletons
  17 deep elf pyromancers
  33 deep elf zephyrmancers
  A spectral spriggan (WizLab)
  15 fauns
  A wolf spider zombie (WizLab)
  A wolf spider (shapeshifter) (Depths:2)
  4 salamanders (Depths:1)
  9 cyclopes
  10 merfolk sirens
  A moth of wrath (shapeshifter) (D:15)
  A shadow dragon skeleton (Depths:2)
  15 elephants
  A centaur zombie (Crypt:1)
  2 rust devils
  5 shining eyes
  24 moths of wrath
  A stone giant skeleton (Crypt:2)
  4 black mambas
  A sphinx skeleton (Depths:2)
  3 frost giant skeletons
  17 manticores
  A fire giant skeleton (Depths:2)
  An eye of devastation (Spider:3)
  Maurice (D:8)
  4 water nymphs
  2 iron dragon skeletons
  5 demonic crawlers
  A gargoyle (D:12)
  8 torpor snails
  Joseph (D:10)
  An alligator snapping turtle zombie (Crypt:1)
  14 vault sentinels
  A cane toad (shapeshifter) (Vaults:5)
  15 cane toads
  2 unseen horrors (D:12)
  A white draconian zombie (Crypt:3)
  8 rime drakes
  A yaktaur (shapeshifter) (D:13)
  20 yaktaurs
  A dire elephant skeleton (Crypt:3)
  An efreet (D:4)
  12 ice devils
  3 freezing wraiths
  12 komodo dragons
  A naga skeleton (Crypt:3)
  A minotaur skeleton (Crypt:3)
  An anaconda simulacrum (IceCv)
  A black draconian skeleton (Crypt:3)
  2 black draconian zombies
  5 trolls
  A merfolk (shapeshifter) (Vaults:5)
  A polar bear (Lair:4)
  4 hellwings
  15 merfolk
  6 hornets
  4 harpy skeletons (Crypt:3)
  25 tarantellas
  7 wind drakes
  13 blink frogs
  Grinder (D:4)
  8 snapping turtles
  4 dream sheep (Lair:5)
  An ice dragon zombie (Crypt:1)
  70 slime creatures
  41 jumping spiders
  A centaur simulacrum (D:14)
  19 culicivoras
  A guardian serpent skeleton (Crypt:1)
  27 flying skulls
  A jumping spider (shapeshifter) (D:15)
  5 wyverns
  A dire elephant simulacrum (IceCv)
  2 shadows
  7 water elementals
  10 wraiths
  2 vampires
  An air elemental (Elf:2)
  47 yaks
  Eustachio (D:4)
  A wind drake zombie (Crypt:1)
  2 fire elementals
  3 steam dragons
  An ettin skeleton (Depths:2)
  11 humans
  62 redbacks
  8 minotaur simulacra (IceCv)
  2 redbacks (shapeshifter)
  13 vampire mosquitoes
  6 basilisks
  A chaos spawn (Depths:2)
  A neqoxec (D:15)
  3 harpy simulacra (IceCv)
  6 wargs
  Edmund (D:6)
  Duvessa (D:6)
  A hydra simulacrum (IceCv)
  12 water moccasins
  2 ice beasts
  56 orc warriors
  A merfolk skeleton (Crypt:2)
  A swamp drake (D:11)
  3 black bears
  3 alligator simulacra (IceCv)
  A sky beast (D:8)
  10 ogres
  9 wolves
  5 centaurs
  10 boggarts (Vaults:3)
  A phantom (D:5)
  4 kobold brigands (D:8)
  13 bullfrogs
  3 earth elementals
  5 scorpions
  5 deep troll simulacra (IceCv)
  A gnoll sergeant (D:8)
  A salamander skeleton (Crypt:3)
  11 wights
  4 killer bees (D:8)
  Dowan (D:6)
  A raiju skeleton (Crypt:1)
  A troll skeleton (Crypt:1)
  3 lindwurm simulacra (IceCv)
  7 electric eels
  7 howler monkeys
  A bullfrog zombie (Crypt:1)
  A jelly (D:6)
  2 hounds (D:5)
  25 orc priests
  3 centaur skeletons
  2 sleepcaps (D:5)
  5 iguanas
  28 orc wizards
  Ijyb (D:5)
  2 boggart skeletons (Crypt:3)
  2 tengu skeletons
  4 gnolls (D:8)
  3 river rats (Sewer)
  15 adders
  3 white imps
  An ufetubus (D:6)
  An adder skeleton (Crypt:3)
  2 worms
  2 dart slugs
  96 orcs
  16 ball pythons
  9 endoplasms
  5 giant cockroaches
  3 goblins
  3 hobgoblins
  4 quokkas
  14 bats
  4 frilled lizards
  A hobgoblin skeleton (Crypt:3)
  A jackal skeleton (Crypt:1)
  13 kobolds
  10 rats
  A river rat skeleton (Crypt:2)
2506 creatures vanquished.

Vanquished Creatures (others)
  Frederick (Crypt:2)
  A curse toe (Zot:3)
  A draconian annihilator (Zot:3)
  A dire elephant (Vaults:1)
  A merfolk javelineer (Shoals:4)
  A satyr (Shoals:4)
  A lindwurm (Vaults:4)
  A deep elf zephyrmancer (Elf:2)
  A hornet (Vaults:5)
  2 flying skulls (WizLab)
  3 humans (Lair:4)
  A wraith (Crypt:1)
  2 kobold brigands (D:8)
  An adder (D:6)
  4 tentacles (Shoals:3)
22 creatures vanquished.

Grand Total: 2528 creatures vanquished

Notes
Turn   | Place    | Note
-------+----------+-------------------------------------------
     0 | D:1      | TittyCrusher the Octopode Transmuter began the quest for
                  | the Orb.
     0 | D:1      | Reached XP level 1. HP: 13/13 MP: 3/3
   165 | D:1      | Reached XP level 2. HP: 14/18 MP: 3/5
   185 | D:1      | Learned a level 2 spell: Wereblood
   661 | D:1      | Reached XP level 3. HP: 16/23 MP: 4/6
   665 | D:1      | Learned a level 3 spell: Spider Form
   783 | D:2      | Reached skill level 1 in Poison Magic
  1139 | D:2      | Gained mutation: You are vulnerable to cold. (rC-) [potion
                  | of mutation]
  1139 | D:2      | Gained mutation: You are strong-willed. (Will+) [potion of
                  | mutation]
  1144 | D:2      | Reached XP level 4. HP: 28/28 MP: 3/7
  1713 | D:3      | Found a glowing drain.
  1725 | Sewer    | Entered a sewer
  1737 | Sewer    | Reached XP level 5. HP: 33/33 MP: 4/8
  2705 | D:3      | Reached XP level 6. HP: 37/38 MP: 9/9
  3375 | D:4      | Noticed Grinder
  3403 | D:4      | Found a blossoming altar of Fedhas.
  3557 | D:4      | HP: 1/38 [Grinder (7)]
  3558 | D:4      | Killed Grinder
  3559 | D:4      | Reached skill level 5 in Transmutations
  3559 | D:4      | Reached XP level 7. HP: 1/43 MP: 7/10
  3871 | D:5      | Entered Level 5 of the Dungeon
  3931 | D:5      | Noticed Ijyb
  4022 | D:5      | Killed Ijyb
  4115 | D:5      | Reached skill level 4 in Unarmed Combat
  4181 | D:5      | Found a staircase to the Ecumenical Temple.
  4190 | Temple   | Entered the Ecumenical Temple
  4274 | Temple   | Became a worshipper of Cheibriados the Contemplative
  4411 | D:5      | Reached skill level 5 in Unarmed Combat
  4561 | D:5      | Reached XP level 8. HP: 23/48 MP: 7/11
  4720 | D:5      | Learned a level 4 spell: Ice Form
  4749 | D:4      | Noticed Eustachio
  4796 | D:4      | Killed Eustachio
  4797 | D:4      | Reached skill level 6 in Unarmed Combat
  5096 | D:4      | Reached skill level 7 in Unarmed Combat
  5327 | D:6      | Noticed Maggie
  5378 | D:5      | Reached skill level 8 in Unarmed Combat
  5834 | D:6      | Noticed Edmund
  6030 | D:5      | Reached * piety under Cheibriados
  6072 | D:6      | Noticed Duvessa
  6074 | D:6      | Noticed Dowan
  6080 | D:6      | Killed Duvessa
  6082 | D:6      | Killed Dowan
  6083 | D:6      | Reached skill level 9 in Unarmed Combat
  6083 | D:6      | Reached XP level 9. HP: 43/53 MP: 9/12
  6319 | D:6      | Killed Edmund
  7256 | D:7      | Reached ** piety under Cheibriados
  7500 | D:7      | Reached skill level 5 in Dodging
  7619 | D:7      | Identified the +4 spear of Putrescence {flame, Fly rN+
                  | Will+}
  7731 | D:7      | Reached skill level 1 in Ice Magic
  8379 | D:8      | Reached XP level 10. HP: 65/65 MP: 13/13
  8383 | D:8      | Reached skill level 5 in Ice Magic
  8529 | D:8      | Noticed Maurice
  8538 | D:8      | Killed Maurice
  8563 | D:8      | Reached *** piety under Cheibriados
  8735 | D:8      | Found a staircase to the Lair.
  9044 | D:8      | Found a runed translucent gate.
  9044 | D:8      | Found a runed translucent gate.
  9044 | D:8      | Found a runed translucent gate.
  9044 | D:8      | Noticed Zonian's ghost (novice TeAE)
  9324 | Lair:1   | Entered Level 1 of the Lair of Beasts
  9342 | Lair:1   | Reached skill level 10 in Unarmed Combat
  9346 | Lair:1   | Reached XP level 11. HP: 70/70 MP: 14/14
  9397 | Lair:1   | Reached skill level 1 in Invocations
  9401 | Lair:1   | Reached **** piety under Cheibriados
  9664 | Lair:1   | Reached skill level 5 in Invocations
  9931 | Lair:1   | Reached skill level 5 in Fighting
 10862 | Lair:2   | Reached ***** piety under Cheibriados
 10984 | Lair:2   | Reached XP level 12. HP: 86/86 MP: 15/15
 11001 | Lair:2   | Reached skill level 10 in Fighting
 11097 | Lair:2   | Found a staircase to the Shoals.
 11487 | Lair:2   | Learned a level 3 spell: Frozen Ramparts
 11557 | Lair:3   | Learned a level 5 spell: Blade Hands
 11611 | Lair:3   | Found the +4 skin of Zhor {*Englaciate rC+++ SInv}
 11855 | Lair:3   | Identified the +5 orcbow of Parikol {heavy, rElec rPois
                  | Will+}
 12047 | Lair:3   | Reached skill level 5 in Spellcasting
 12154 | Lair:3   | Learned a level 7 spell: Dragon Form
 12170 | Lair:3   | Found a hole to the Spider Nest.
 12450 | Lair:4   | Noticed Kirke
 12466 | Lair:4   | Killed Kirke
 12561 | Lair:4   | Noticed a death yak
 12561 | Lair:4   | Noticed a death yak
 12561 | Lair:4   | Noticed a death yak
 12561 | Lair:4   | Noticed a death yak
 12561 | Lair:4   | Noticed a death yak
 12573 | Lair:4   | Noticed a death yak
 12854 | Lair:4   | Noticed a skyshark
 12862 | Lair:4   | Killed a skyshark
 12974 | Lair:4   | Reached skill level 11 in Unarmed Combat
 13027 | Lair:4   | Killed a death yak
 13029 | Lair:4   | Killed a death yak
 13030 | Lair:4   | Reached XP level 13. HP: 93/93 MP: 21/21
 13042 | Lair:4   | Reached skill level 12 in Unarmed Combat
 13162 | Lair:4   | Found a viscous altar of Jiyva.
 13162 | Lair:4   | Found a staircase to the Slime Pits.
 14052 | Lair:5   | Entered Level 5 of the Lair of Beasts
 14267 | Lair:5   | Noticed Sonja
 14268 | Lair:5   | Sonja changed into Sonja the wyvern
 14268 | Lair:5   | Noticed Sonja
 14275 | Lair:5   | Killed Sonja the wyvern
 14541 | Lair:5   | Reached skill level 10 in Invocations
 14899 | Lair:5   | Reached ****** piety under Cheibriados
 14916 | Lair:5   | Reached skill level 13 in Unarmed Combat
 14919 | Lair:5   | Reached XP level 14. HP: 99/99 MP: 22/22
 15170 | Lair:5   | Identified the ring of Panentheism {Fire *Slow rElec Int+3}
 15781 | D:9      | Learned a level 3 spell: Confusing Touch
 15944 | D:9      | Found a sacrificial altar of Ru.
 16004 | D:9      | Reached skill level 1 in Hexes
 16227 | D:9      | Found a broken altar of Ashenzari.
 16231 | D:9      | Found a glowing silver altar of Zin.
 16267 | D:9      | Reached skill level 10 in Transmutations
 16532 | D:10     | Entered Level 10 of the Dungeon
 16596 | D:10     | Noticed Joseph
 16602 | D:10     | Killed Joseph
 16633 | D:10     | Noticed Gastronok
 16651 | D:10     | Killed Gastronok
 17241 | D:10     | Found a shadowy altar of Dithmenos.
 17242 | D:10     | Found a hazy altar of Hepliaklqana.
 17302 | D:11     | Noticed Josephine
 17309 | D:11     | Killed Josephine
 17514 | D:11     | Found Niorhi's Antique Weapon Shop.
 18042 | D:11     | Found Ippeum Rittu's Antique Armour Boutique.
 18275 | D:11     | Found Moiful Tago's Assorted Antiques.
 18472 | D:11     | Found a staircase to the Orcish Mines.
 19621 | D:13     | Gained mutation: You are dopey. (Int -2) [mutagenic glow]
 19933 | D:13     | Reached XP level 15. HP: 105/105 MP: 23/23
 20267 | D:14     | You fall into a shaft and drop 1 floor!
 20267 | D:15     | Entered Level 15 of the Dungeon
 20575 | D:15     | Found a staircase to the Depths.
 20876 | D:15     | Reached skill level 15 in Transmutations
 21226 | D:14     | Found a runed translucent door.
 21228 | D:14     | Noticed a tengu reaver
 21246 | D:14     | Killed a tengu reaver
 21267 | D:14     | Identified the +9 plate armour of Poor Excuses {Int+2}
 21647 | D:14     | Found a gate to the Vaults.
 21659 | D:14     | Identified the +3 great sword of Karma {holy, rPois Will+
                  | Dex+3}
 21720 | D:14     | Reached skill level 14 in Unarmed Combat
 22340 | Spider:1 | Entered Level 1 of the Spider Nest
 22539 | Orc:1    | Entered Level 1 of the Orcish Mines
 22872 | Orc:1    | Noticed an orc warlord
 22877 | Orc:1    | Killed an orc warlord
 22897 | Orc:1    | Identified the +5 plate armour of the Equinox {Str-4 Int+4}
 23210 | Orc:2    | Entered Level 2 of the Orcish Mines
 23211 | Orc:2    | Found Oraiweri's Antique Weapon Shoppe.
 23240 | Orc:2    | Reached XP level 16. HP: 110/110 MP: 11/24
 23359 | Orc:2    | Found Diggoud's General Store.
 23424 | Orc:2    | Bought a scroll of identify for 24 gold pieces
 23435 | Orc:2    | Found Hotyph's Antique Armour Boutique.
 23446 | Orc:2    | Found a staircase to the Elven Halls.
 23650 | Orc:2    | Noticed Snorg
 23659 | Orc:2    | Killed Snorg
 23660 | Orc:2    | Reached skill level 10 in Dodging
 23701 | Orc:2    | Found Xurila's Antique Weapon Shop.
 23823 | Orc:2    | Found Lideddoq's Jewellery Boutique.
 24105 | Orc:2    | Bought a +6 ring of dexterity for 504 gold pieces
 24237 | D:11     | Bought the +3 warlock's mirror {omnireflect} for 1160 gold
                  | pieces
 24237 | D:11     | Found the +3 warlock's mirror {omnireflect}
 24392 | Spider:1 | Reached skill level 1 in Shields
 24633 | Spider:1 | Reached skill level 5 in Shields
 24760 | Spider:1 | Reached skill level 1 in Evocations
 24935 | Spider:1 | You fall into a shaft and drop 1 floor!
 25122 | Spider:1 | Reached skill level 5 in Evocations
 25722 | Spider:2 | Noticed Arachne
 25727 | Spider:2 | Killed Arachne
 26347 | Spider:2 | Noticed Donald
 26356 | Spider:2 | Killed Donald
 26467 | Spider:3 | Reached XP level 17. HP: 116/116 MP: 14/25
 26685 | Spider:3 | Reached skill level 10 in Evocations
 27440 | Spider:4 | Entered Level 4 of the Spider Nest
 27440 | Spider:4 | Noticed Asterion
 27445 | Spider:4 | Killed Asterion
 27948 | Spider:4 | Reached skill level 15 in Unarmed Combat
 28122 | Spider:4 | Reached skill level 16 in Unarmed Combat
 28252 | Spider:4 | Identified the +1 hat of Love and Death {rN+}
 28369 | Spider:4 | Got a gossamer rune of Zot
 28643 | Lair:3   | Upgraded the game from 0.31-a0-66-ge618eeaa78 to
                  | 0.31-a0-75-g6fe912e8c5
 28704 | Shoals:1 | Entered Level 1 of the Shoals
 29175 | Shoals:1 | Found Geoteiv's Gadget Gallery.
 29204 | Shoals:1 | Reached XP level 18. HP: 122/122 MP: 19/26
 29900 | Shoals:2 | Noticed Ilsuiw
 29920 | Shoals:2 | Killed Ilsuiw
 30086 | Shoals:2 | Reached skill level 17 in Unarmed Combat
 30230 | Shoals:2 | Noticed Nikola
 30236 | Shoals:2 | Killed Nikola
 30237 | Shoals:2 | Noticed Polyphemus
 30247 | Shoals:2 | Killed Polyphemus
 31007 | Shoals:3 | Found a frozen archway.
 31032 | IceCv    | Entered an ice cave
 31434 | IceCv    | Identified the staff of fire "Ezujiwuo" {Fly rF+ Str+3}
 32652 | Shoals:4 | Entered Level 4 of the Shoals
 32661 | Shoals:4 | Reached skill level 15 in Invocations
 32661 | Shoals:4 | Reached XP level 19. HP: 92/127 MP: 1/30
 32929 | Shoals:4 | Reached skill level 18 in Unarmed Combat
 33095 | Shoals:4 | Got a barnacled rune of Zot
 33384 | Shoals:4 | Reached skill level 19 in Unarmed Combat
 33637 | Shoals:4 | Noticed Mlioglotl
 33641 | Shoals:4 | Killed Mlioglotl
 35013 | Elf:1    | Entered Level 1 of the Elven Halls
 35242 | Elf:1    | Learned a level 7 spell: Storm Form
 35278 | Elf:1    | Found a transporter.
 35285 | Elf:1    | Noticed Qiokh's ghost (veteran MiBe)
 35288 | Elf:1    | Found a transporter.
 35352 | Elf:1    | Reached skill level 1 in Air Magic
 35601 | Elf:1    | Noticed Roxanne
 35608 | Elf:1    | Killed Roxanne
 35771 | Orc:1    | Learned a level 6 spell: Statue Form
 35863 | Elf:1    | Reached skill level 1 in Earth Magic
 36607 | Elf:2    | Reached skill level 5 in Earth Magic
 36764 | Elf:2    | Found a runed translucent gate.
 36765 | Elf:2    | Found a runed translucent gate.
 36765 | Elf:2    | Found a runed translucent gate.
 37082 | Elf:2    | Reached XP level 20. HP: 133/133 MP: 25/31
 37586 | Elf:3    | Entered Level 3 of the Elven Halls
 37808 | Elf:3    | Reached skill level 10 in Earth Magic
 37816 | Elf:3    | Identified the +12 trident of Biles {vamp, Int+5}
 37922 | Elf:3    | Found the +10 morningstar "Eos" {elec, Halo rElec}
 37955 | Elf:3    | Identified the ring "Zinyl" {rF+++ rC+}
 37982 | Elf:3    | Identified the +1 falchion "Mopan" {drain, Int+2}
 37994 | Elf:3    | Identified the amulet "Xanluziph" {RegenMP rPois}
 38000 | Elf:3    | Identified the +0 plate armour of Starshine {Str+3}
 38016 | Elf:3    | Identified the ring "Nizump" {rF+ rN+ Will++ Dex+2}
 38025 | Elf:3    | Got the Compilation of the Dose
 38085 | Elf:3    | Identified the +3 scimitar "Acarinebane" {heavy, Str+3
                  | Dex+4 SInv}
 38095 | Elf:3    | Identified the +6 morningstar "Wountiah" {flame, *Rage rC+
                  | Dex+5}
 38405 | Elf:3    | Found Doefint's Weapon Shoppe.
 38407 | Elf:3    | Reached skill level 1 in Stealth
 38604 | Elf:3    | Identified the staff of poison "Agomusoz" {rPois Dex+3}
 38877 | D:11     | Bought a potion of mutation for 216 gold pieces
 38877 | D:11     | Bought a potion of curing for 81 gold pieces
 38877 | D:11     | Bought a scroll of immolation for 108 gold pieces
 39174 | Spider:3 | Lost mutation: You are vulnerable to cold. (rC-) [potion of
                  | mutation]
 39174 | Spider:3 | Lost mutation: You are dopey. (Int -2) [potion of mutation]
 39174 | Spider:3 | Lost mutation: You are strong-willed. (Will+) [potion of
                  | mutation]
 39174 | Spider:3 | Gained mutation: You do not regenerate when monsters are
                  | visible. [potion of mutation]
 39174 | Spider:3 | Gained mutation: You are strong-willed. (Will+) [potion of
                  | mutation]
 39175 | Spider:3 | Lost mutation: You are strong-willed. (Will+) [potion of
                  | mutation]
 39175 | Spider:3 | Lost mutation: You do not regenerate when monsters are
                  | visible. [potion of mutation]
 39175 | Spider:3 | Gained mutation: You are strong-willed. (Will+) [potion of
                  | mutation]
 39175 | Spider:3 | Gained mutation: You are partially covered in iridescent
                  | scales. (AC +2) [potion of mutation]
 39175 | Spider:3 | Gained mutation: You are covered in fur. (AC +1) [potion of
                  | mutation]
 39557 | Vaults:1 | Entered Level 1 of the Vaults
 39656 | Vaults:1 | Reached skill level 5 in Stealth
 40606 | Vaults:1 | Reached skill level 10 in Stealth
 40612 | Vaults:1 | Reached XP level 21. HP: 138/138 MP: 28/32
 41086 | Vaults:2 | Reached skill level 20 in Unarmed Combat
 41811 | Vaults:2 | Identified the +3 arbalest of Optimality {penet, rElec
                  | Str+3 Dex-2}
 42152 | Elf:1    | Killed Qiokh's ghost
 42300 | Elf:1    | Identified the amulet "Awnaid" {RegenMP rF+}
 42547 | D:8      | Killed Zonian's ghost
 42953 | Vaults:3 | Reached skill level 21 in Unarmed Combat
 43020 | Vaults:3 | Identified the amulet of Kik Cuol {Spirit Will+ Stlth+}
 43105 | Vaults:3 | Found a staircase to the Crypt.
 43105 | Vaults:3 | Found an ancient bone altar of Kikubaaqudgha.
 43105 | Vaults:3 | Found a basalt altar of Yredelemnul.
 43163 | Crypt:1  | Entered Level 1 of the Crypt
 43247 | Crypt:1  | Noticed Jory
 43257 | Crypt:1  | Killed Jory
 43528 | Crypt:1  | Found a runed translucent door.
 43528 | Crypt:1  | Noticed Vailuoroe's ghost (veteran GrEE)
 43559 | Crypt:1  | Killed Vailuoroe's ghost
 43560 | Crypt:1  | Reached skill level 22 in Unarmed Combat
 43910 | Crypt:2  | Noticed Frederick
 43914 | Crypt:2  | Killed Frederick
 44123 | Crypt:2  | Noticed Bai Suzhen
 44129 | Crypt:2  | Killed Bai Suzhen
 44130 | Crypt:2  | Reached XP level 22. HP: 144/144 MP: 33/33
 44534 | Crypt:2  | Noticed Mennas
 44548 | Crypt:2  | Killed Mennas
 44691 | Crypt:3  | Entered Level 3 of the Crypt
 44711 | Crypt:3  | Reached skill level 23 in Unarmed Combat
 45092 | Crypt:3  | Reached skill level 24 in Unarmed Combat
 45370 | Crypt:3  | Found a staircase to the Tomb.
 45454 | Crypt:3  | Identified the +3 orcbow of Contention {freeze, rPois rF-
                  | rCorr}
 45512 | Crypt:3  | Found a basalt altar of Yredelemnul.
 45584 | Crypt:3  | Noticed an ancient lich
 45596 | Crypt:3  | Killed an ancient lich
 46105 | Crypt:3  | Reached skill level 25 in Unarmed Combat
 46308 | Vaults:3 | Reached XP level 23. HP: 150/150 MP: 30/34
 46618 | Vaults:3 | Found a portal to a secret trove of treasure.
 46935 | Vaults:3 | Reached skill level 26 in Unarmed Combat
 46997 | Vaults:3 | Found Venkem's Armour Boutique.
 48707 | Vaults:5 | Entered Level 5 of the Vaults
 48729 | Vaults:5 | Reached skill level 27 in Unarmed Combat
 48755 | Vaults:5 | Reached XP level 24. HP: 148/155 MP: 31/34
 48871 | Vaults:5 | Identified the ring of Ysedai {Fly rCorr}
 48894 | Vaults:5 | Reached skill level 10 in Shields
 48930 | Vaults:5 | Identified the +2 quarterstaff "Iwuepriw" {drain, rCorr
                  | Int+3}
 49098 | Vaults:5 | Identified the amulet of Vaodic {RegenMP Will+ Stlth+}
 49233 | Vaults:5 | Got a silver rune of Zot
 49474 | Vaults:5 | Found the +3 pair of mountain boots {steadfast, rC+}
 49541 | Vaults:5 | Identified the +7 great sword of Neurosis {heavy, rN++}
 49649 | Vaults:5 | Learned a level 4 spell: Airstrike
 49665 | Vaults:5 | Identified the +5 flail of Rualucam {antimagic, Dex+4}
 49875 | Vaults:5 | Found the +3 Elemental Staff {rElec rF+ rC+ AC+3}
 49884 | Vaults:5 | Got the Compendium of Doom
 49901 | Vaults:5 | Identified the +8 rapier "Piacorei" {heavy, rCorr Str+4
                  | SInv}
 50274 | Depths:1 | Entered Level 1 of the Depths
 50294 | Depths:1 | Reached skill level 5 in Air Magic
 50303 | Depths:1 | Reached XP level 25. HP: 160/172 MP: 18/34
 50495 | Depths:1 | Found a gateway to Hell.
 50569 | Depths:1 | Found the amulet of Elemental Vulnerability {rPois rF--
                  | rC-- AC+8}
 50850 | Depths:1 | Found a one-way gate to the infinite horrors of the Abyss.
 50921 | Depths:1 | Reached skill level 10 in Air Magic
 51018 | Depths:1 | Found Acsouref's Book Emporium.
 51019 | Depths:1 | Found Ruamayci's Jewellery Shop.
 51020 | Depths:1 | Found Ceiwa's Book Emporium.
 51032 | Depths:1 | Bought the ring of the Bursted God {rF- rC+ Will+ Int+6
                  | Dex+7} for 1076 gold pieces
 51523 | Slime:1  | Entered Level 1 of the Pits of Slime
 51530 | Lair:4   | Learned a level 3 spell: Vhi's Electric Charge
 51817 | Slime:5  | Entered Level 5 of the Pits of Slime
 51819 | Slime:5  | Gained mutation: You do not regenerate when monsters are
                  | visible. [a shining eye]
 51881 | Slime:4  | Lost mutation: You are partially covered in iridescent
                  | scales. (AC +2) [potion of mutation]
 51881 | Slime:4  | Lost mutation: You are covered in fur. (AC +1) [potion of
                  | mutation]
 51881 | Slime:4  | Gained mutation: Your system is resistant to poisons.
                  | (rPois) [potion of mutation]
 51881 | Slime:4  | Lost mutation: Your system is resistant to poisons. (rPois)
                  | [potion of mutation]
 51881 | Slime:4  | Lost mutation: You do not regenerate when monsters are
                  | visible. [potion of mutation]
 51925 | Slime:5  | Noticed the Royal Jelly
 51934 | Slime:5  | Killed the Royal Jelly
 51957 | Slime:5  | Gained mutation: Your spells are a little easier to cast,
                  | but a little less powerful. [a shining eye]
 51958 | Slime:5  | Gained mutation: Your magical capacity is low. (-10% MP) [a
                  | shining eye]
 52066 | Slime:5  | Found the +8 whip "Snakebite" {venom, curare, rPois}
 52066 | Slime:5  | Found the +8 demon trident "Rift" {distort, reach+}
 52075 | Slime:5  | Reached skill level 10 in Spellcasting
 52084 | Slime:5  | Identified the staff of conjuration "Plog" {Will- Int+6}
 52121 | Slime:5  | Identified a scroll of acquirement
 52121 | Slime:5  | Acquired the +0 hat of Dithmenos, Supporting {rF- Will++
                  | Regen+ rCorr}
 52143 | Slime:5  | Got a slimy rune of Zot
 52158 | Slime:5  | Found the amulet of the Air {Inacc Air Fly rElec RMsl}
 52167 | Slime:5  | Identified the amulet "Lofal" {Regen+ rCorr Dex+2}
 52194 | Slime:5  | Got the Verses on Combined Misfortune
 52775 | Depths:2 | Found a one-way gateway to a ziggurat.
 52787 | Depths:2 | Found a magical portal.
 52809 | WizLab   | Entered Borgnjor's Mausoleum
 53033 | WizLab   | Reached XP level 26. HP: 175/175 MP: 28/35
 53125 | WizLab   | Reached skill level 15 in Fighting
 54084 | Vaults:3 | You paid a toll of a +5 demon blade to enter a treasure
                  | trove
 54085 | Trove    | Entered a treasure trove
 54090 | Trove    | Found the +8 lance "Wyrmbane" {slay drac, rPois rF+ rC+
                  | AC+3}
 54090 | Trove    | Found the +8 frozen axe "Frostbite" {freeze, freezing
                  | cloud, *Noise Fly rC+}
 54541 | Depths:2 | Noticed Boris
 54556 | Depths:2 | Killed Boris
 54930 | Depths:2 | Found a corrupted altar of Lugonu.
 55111 | Depths:2 | Found a one-way gate leading to the halls of Pandemonium.
 55268 | Depths:2 | Noticed Sojobo
 55278 | Depths:2 | Killed Sojobo
 55549 | Depths:3 | Found Akoas's Distillery.
 55555 | Depths:3 | Bought a potion of brilliance for 64 gold pieces
 55555 | Depths:3 | Bought a potion of heal wounds for 80 gold pieces
 55555 | Depths:3 | Bought 2 potions of heal wounds for 160 gold pieces
 55555 | Depths:3 | Bought a potion of mutation for 128 gold pieces
 55555 | Depths:3 | Bought a potion of attraction for 48 gold pieces
 55555 | Depths:3 | Bought a potion of might for 64 gold pieces
 55555 | Depths:3 | Bought a potion of cancellation for 128 gold pieces
 55555 | Depths:3 | Bought a potion of heal wounds for 80 gold pieces
 55659 | Depths:3 | Found Koluprynt's Armour Boutique.
 55663 | Depths:3 | Noticed Boris
 55667 | Depths:3 | Killed Boris
 55672 | Depths:3 | Found Bebli's Weapon Shop.
 55850 | Depths:3 | Found the +8 storm bow {elec, penet}
 55877 | Depths:3 | Identified the staff of air "Zuinask" {rElec rF+ rN+ Str-2
                  | SInv}
 55881 | Depths:3 | Identified the staff of fire "Hiennat" {rPois rF+ rN+}
 55954 | Depths:3 | Noticed Louise
 55958 | Depths:3 | Killed Louise
 56241 | Depths:4 | Entered Level 4 of the Depths
 56611 | Depths:4 | Reached XP level 27. HP: 193/193 MP: 26/35
 56639 | Depths:4 | Found a runed translucent door.
 56648 | Depths:4 | Found a runed translucent door.
 56662 | Depths:4 | Found a runed translucent door.
 56662 | Depths:4 | Found a runed translucent door.
 56681 | Depths:4 | Found a runed translucent door.
 56681 | Depths:4 | Found a runed translucent door.
 56749 | Depths:4 | Found a gate to the Realm of Zot.
 57564 | Zot:1    | Entered Level 1 of the Realm of Zot
 57602 | Zot:1    | Noticed Parghit
 57607 | Zot:1    | Killed Parghit
 57616 | Zot:1    | Learned a level 2 spell: Blink
 57634 | Zot:1    | Reached skill level 1 in Translocations
 57732 | Zot:1    | Reached skill level 5 in Translocations
 58379 | Zot:2    | Learned a level 2 spell: Lesser Beckoning
 58384 | Zot:2    | Learned a level 4 spell: Manifold Assault
 58593 | Zot:2    | Reached skill level 10 in Translocations
 59481 | Zot:3    | Noticed an orb of fire
 59511 | Zot:3    | Gained mutation: Your magical capacity is very low. (-20%
                  | MP) [an orb of fire]
 59512 | Zot:3    | Killed an orb of fire
 59660 | Zot:3    | Noticed Foeck's ghost (veteran TrCK)
 59661 | Zot:3    | Found a runed translucent door.
 59674 | Zot:3    | Killed Foeck's ghost
 59929 | Zot:4    | Reached skill level 15 in Translocations
 60682 | Zot:4    | Learned a level 8 spell: Disjunction
 60685 | Zot:5    | Entered Level 5 of the Realm of Zot
 61069 | Zot:5    | Identified the +8 orcbow of the Arena {freeze, +Blink
                  | Will+}
 61444 | Zot:5    | Noticed a dread lich
 61446 | Zot:5    | Killed a dread lich
 61475 | Zot:5    | Noticed an orb of fire
 61479 | Zot:5    | Killed an orb of fire
 61489 | Zot:5    | Noticed an orb of fire
 61492 | Zot:5    | Killed an orb of fire
 61568 | Zot:5    | Noticed an orb of fire
 61569 | Zot:5    | Noticed an orb of fire
 61574 | Zot:5    | Killed an orb of fire
 61577 | Zot:5    | Killed an orb of fire
 61577 | Zot:5    | Noticed an orb of fire
 61588 | Zot:5    | Killed an orb of fire
 61593 | Zot:5    | Noticed a dread lich
 61596 | Zot:5    | Noticed a dread lich
 61599 | Zot:5    | Killed a dread lich
 61629 | Zot:5    | Got the Orb of Zot
 61851 | D:15     | Noticed Hequth the pandemonium lord
 61858 | D:15     | Killed Hequth the pandemonium lord
 62220 | D:$      | Escaped with the Orb!

Illustrated notes

Levels and vault maps discovered:
D:1:      scummos_arrival_star, layout_rooms
D:2:      layout_loops_cross
D:3:      layout_rooms, cheibrodos_sewer_entry_drain
D:4:      layout_basic, mainiacjoe_overflow_alcove_1, uniq_eustachio,
          uniq_grinder
D:5:      layout_basic, minmay_temple_entry_crystal_x, grunt_decor_one_mirror,
          minmay_misc_feat_x, uniq_ijyb
D:6:      layout_layer_cave, dreamdust_princess_corridor, uniq_maggie,
          uniq_duvessa, uniq_edmund
D:7:      layout_loops_ring
D:8:      layout_loops_ring, due_lair_maze_entry_diamond,
          gammafunk_ghost_nasty_kobolds, roderic_malta_cross, uniq_maurice
D:9:      layout_cave_pods, minitemple, grunt_ministairs_5
D:10:     layout_irregular_city, riverfiend_overflow_shadow_ancestor,
          nicolae_wwwww, uniq_gastronok, uniq_joseph
D:11:     layout_basic, erik_orc_1, special_room [special_room_orc],
          serial_shops, shop, shop, nicolae_square_shop, uniq_josephine
D:12:     layout_cave_pools
D:13:     layout_stronghold
D:14:     minmay_gate_of_8, layout_basic, ximxim_vaults_locker_room,
          kennysheep_generic_room_2
D:15:     gammafunk_enter_depths_forms, layout_irregular_city,
          minmay_misc_feat_encased, solitary_fountain
Temple:   eino_temple_rhombus
Lair:1:   layout_cave_pods, disabler_island
Lair:2:   layout_misc_corridors, shoals_dummy_entry, serial_bayou_lagoon_b,
          infiniplex_staircase_pool, grunt_megastairs_5
Lair:3:   layout_cave_shapes, spider_nest_entry_funnel_web,
          chequers_serial_rivers_micro_a, hellmonk_guarded_unrand_zhor
Lair:4:   layout_cave_pods, dpeg_slime_entry_enclosed, uniq_kirke
Lair:5:   gammafunk_lair_ancient_temple, layout_gridlike, uniq_sonja
Shoals:1: layout_shoals, nicolae_shop_gadgets
Shoals:2: layout_shoals, uniq_ilsuiw, uniq_nikola, uniq_polyphemus
Shoals:3: nicolae_shoals_island_circles, layout_shoals,
          portal_ice_cave_entry_dragon
Shoals:4: shoals_end_grunt_garden, layout_shoals, uniq_mlioglotl
Spider:1: layout_spider_delve, guppyfry_spider_mini_2,
          hangedman_spider_tarantella_strand
Spider:2: nicolae_spider_jumping_over_cracks
          [nicolae_spider_jumping_sub_no_exit, nicolae_spider_jumping_sub_moat,
          nicolae_spider_jumping_sub_offset,
          nicolae_spider_jumping_sub_shuffled], uniq_donald, uniq_arachne
Spider:3: layout_spider_delve
Spider:4: guppyfry_spider_rune, uniq_asterion
Slime:1:  layout_caves
Slime:2:  layout_caves
Slime:3:  layout_caves
Slime:4:  layout_caves
Slime:5
Orc:1:    orc_temple, layout_caves
Orc:2:    grunt_orc_gardens, layout_caves, grunt_orc_garden, grunt_orc_garden,
          grunt_orc_garden, grunt_orc_garden, serial_shops, shop_statue,
          uniq_snorg
Elf:1:    layout_geoelf_octagon, gammafunk_ghost_arena, serial_corexii_hall,
          chequers_hall_statues_wall_a, chequers_hall_statues_wall_a,
          corexii_hall_statues_x, corexii_hall_statues_i, uniq_roxanne
Elf:2:    nicolae_elf_blades_crystal_corner, layout_geoelf_octagon
Elf:3:    elf_hall, layout_geoelf_castle, serial_shops,
          nicolae_shop_statue_plus, minmay_misc_feat_five, uniq_louise
Vaults:1: ontoclasm_vaults_fault, v_misc_24, vaults_dpeg_diagonal,
          nicolae_vaults_cornered_office, v_misc_13,
          nicolae_vaults_door_testing_chamber,
          nicolae_vaults_windows_and_doors_thing,
          nicolae_vaults_heart-shaped_vault, hangedman_vaults_nodes,
          ontoclasm_vaults_shuriken, nicolae_vaults_tetromino_T_1,
          nicolae_vaults_tetromino_L_1, nicolae_vaults_surprise_closet,
          layout_vaults_chaotic_city
Vaults:2: nicolae_vaults_wine_cellar, nicolae_vaults_yaktaur_gun_rack,
          v_misc_23, vaults_mumra_hexcomb, v_misc_30, hangedman_vaults_pinch,
          nicolae_vaults_halls_meeting, vaults_room_grunt_arrival_ludios,
          nicolae_vaults_shelves_hall, nicolae_vaults_layer_cake_slice,
          nicolae_vaults_little_squares_2, nicolae_vaults_tetromino_L_2,
          layout_vaults_maze_bifur
Vaults:3: nicolae_vaults_trapezoid_lopsided_2, minmay_crypt_entry_necro_gods,
          vaults_mumra_chevron_long, nicolae_vaults_stairing_the_circle,
          vaults_room_stairs_pillars, nicolae_vaults_network_barrier,
          vaults_dpeg_emergency_exit, v_pattern_3, nicolae_vaults_big_ls,
          vaults_room_door_ring, grunt_vaults_funnel, layout_vaults_big_cross,
          enter_trove_2, serial_shops, nicolae_shop_trees
Vaults:4: nicolae_vaults_asterisk, ontoclasm_vaults_gallery,
          nicolae_vaults_circle_grid_b, v_misc_31, nicolae_vaults_trapezoid_2,
          nicolae_vaults_more_shelving_1, v_misc_28, serial_ice_g,
          nicolae_vaults_alarming, nicolae_vaults_double_plus_1,
          nicolae_vaults_tetromino_L_1, layout_vaults_omnigrid, serial_shops
Vaults:5: serial_shops
Crypt:1:  layout_chaotic_city, hellmonk_ghost_happy_afterlife,
          grunt_crypt_arrival_webbed, uniq_jory
Crypt:2:  layout_chaotic_city, amcnicky_mini_pool_small, grunt_megastairs_3,
          uniq_bai_suzhen, uniq_frederick, uniq_mennas
Crypt:3:  church_of_pain_bobbens, layout_chaotic_city, feat_on_display
Depths:1: layout_big_octagon, kennysheep_cross_room,
          abyss_entry_small_statue_room, grunt_mini_vestibule,
          dk_noncrumbling_2, minmay_starry_boxes, minmay_shop_grove
Depths:2: hangedman_screamer, layout_gridlike, enter_ziggurat_e,
          minmay_misc_feat_more_columns, abyss_entry_flame_altar,
          infiniplex_enter_wizlab_water, pf_hell_entry_tar_spiral,
          rand_demon_pan_entry_9, uniq_sojobo
Depths:3: minmay_the_grid_triangle_9x9_recursive_3_mashed
          [minmay_the_grid_triangle_9x9_odd_lines,
          minmay_the_grid_triangle_9x9_steps,
          minmay_the_grid_triangle_9x9_corruption,
          minmay_the_grid_triangle_9x9_prize_insulated,
          minmay_the_grid_triangle_9x9_warning,
          minmay_the_grid_triangle_9x9_sprig,
          minmay_the_grid_triangle_9x9_impossible_snake,
          minmay_the_grid_triangle_9x9_pentomino_pain,
          minmay_the_grid_triangle_9x9_semitri], layout_twisted_cross,
          nicolae_abyss_entry_one_way_or_another, grunt_hell_entry_dis_mu,
          serial_shops, kennysheep_mini, shop, shop, minmay_misc_feat_pillars
Depths:4: evilmike_zot_entry_castle, layout_basic, pf_coc_iceberg,
          minmay_misc_feat_plants, uniq_josephina
Zot:1:    layout_misc_corridors, uniq_parghit
Zot:2:    layout_concentric_octagons
Zot:3:    layout_gridlike, hellmonk_ghost_big_iron, nrook_zot_tub
Zot:4:    layout_misc_corridors
Zot:5:    layout_gridlike

Skill      XL: |  1  2  3  4  5  6  7  8  9 10 11 12 13 14 15 16 17 18 19 20 21 22 23 24 25 26 27 |
---------------+----------------------------------------------------------------------------------+-----
Transmutations | 3 4 5 8 9 13 16 17 | 17.2
Poison Magic   | 2 3 4 |  4.5
Unarmed Combat | 5 9 10 11 13 14 16 17 19 22 25 27 | 27.0
Dodging        | 5 8 10 14 | 14.2
Fighting       | 4 9 10 14 17 18 | 18.8
Ice Magic      | 4 6 |  6.0
Invocations    | 5 10 15 | 15.0
Spellcasting   | 5 6 12 | 12.5
Hexes          | 2 |  2.0
Shields        | 5 7 10 | 10.0
Evocations     | 8 10 | 10.0
Air Magic      | 1 6 10 | 10.2
Earth Magic    | 7 12 | 12.3
Stealth        | 10 | 10.0
Translocations | 20 | 20.3
Throwing       | |  0.1

Action                     |  1- 3 |  4- 6 |  7- 9 | 10-12 | 13-15 | 16-18 | 19-21 | 22-24 | 25-27 || total
---------------------------+-------+-------+-------+-------+-------+-------+-------+-------+-------++-------
  Melee: Unarmed           |    72 |   148 |   265 |   332 |   673 |   650 |   659 |   702 |   960 ||  4461
         Kick              |    17 |     9 |       |       |       |       |       |       |       ||    26
         Constrict         |    11 |    23 |     1 |     4 |     1 |    15 |    94 |   146 |   157 ||   452
         Tentacles         |    12 |    22 |     1 |     4 |     2 |    15 |   145 |   197 |   264 ||   662
         Punch             |     4 |       |     1 |       |    12 |    63 |   116 |   156 |   244 ||   596
         Tailslap          |       |       |       |       |    26 |    84 |    33 |     2 |     3 ||   148
         Bite              |       |       |       |       |    14 |    71 |    22 |       |     1 ||   108
   Fire: Shortbow          |       |       |     1 |       |       |       |       |       |       ||     1
  Throw: Stone             |     6 |     8 |    13 |    10 |     1 |       |       |       |       ||    38
         Dart              |       |     5 |     5 |       |       |       |       |       |       ||    10
   Cast: Beastly Appendage |    25 |     5 |       |       |       |       |       |       |       ||    30
         Spider Form       |     1 |    19 |    33 |       |       |       |       |       |       ||    53
         Ice Form          |       |       |     8 |    36 |    50 |       |       |       |       ||    94
         Wereblood         |       |       |     3 |    11 |    24 |    34 |    35 |    23 |    38 ||   168
         Frozen Ramparts   |       |       |       |     5 |     8 |     1 |       |     1 |       ||    15
         Dragon Form       |       |       |       |       |    21 |    63 |    29 |     1 |     4 ||   118
         Statue Form       |       |       |       |       |       |       |    52 |    46 |    86 ||   184
         Airstrike         |       |       |       |       |       |       |       |       |     4 ||     4
         Vhi's Electric Ch |       |       |       |       |       |       |       |       |    23 ||    23
         Lesser Beckoning  |       |       |       |       |       |       |       |       |    26 ||    26
         Blink             |       |       |       |       |       |       |       |       |     2 ||     2
 Invoke: Temporal Distorti |       |       |       |     4 |     4 |     7 |     7 |     1 |    10 ||    33
         Bend Time         |       |       |       |     1 |     1 |       |     1 |       |       ||     3
         Slouch            |       |       |       |       |     6 |     7 |     2 |     6 |     4 ||    25
         Step From Time    |       |       |       |       |       |       |       |       |     1 ||     1
Ability: End Transformatio |       |     1 |     1 |     2 |     4 |     3 |     2 |       |     4 ||    17
         Breathe Fire      |       |       |       |       |     1 |       |       |       |       ||     1
  Evoke: Wand              |       |       |     1 |     8 |     2 |    15 |       |       |     1 ||    27
         Condenser vane    |       |       |       |       |     1 |     1 |     3 |     4 |     1 ||    10
    Use: Scroll            |     5 |     6 |     9 |     5 |     8 |     3 |     2 |     3 |     6 ||    47
         Potion            |     3 |     2 |     1 |     2 |     1 |       |     3 |     1 |     4 ||    17
   Stab: Sleeping          |     1 |     9 |       |     1 |     7 |     2 |    13 |     9 |     7 ||    49
         Invisible         |       |       |     4 |       |       |       |     4 |       |       ||     8
         Distracted        |       |       |       |       |       |     2 |     2 |     2 |     4 ||    10
         Confused          |       |       |       |       |       |       |     1 |     1 |       ||     2
         Paralysed         |       |       |       |       |       |       |       |       |     1 ||     1
 Armour: Skin              |     2 |     6 |    14 |    55 |   209 |   141 |   162 |   181 |   216 ||   986
  Dodge: Dodged            |    28 |    72 |   150 |   107 |   356 |   670 |   787 |   639 |  1086 ||  3895
  Block: Other             |     5 |    27 |    50 |    52 |    88 |   114 |    54 |     1 |       ||   391
         Reflection        |       |       |     8 |     2 |     3 |     4 |    97 |    88 |    84 ||   286
         Buckler           |       |       |       |       |       |    22 |   440 |   623 |   749 ||  1834

Table legend: (Time is in decaauts)
 A = Elapsed time spent in this place.
 B = Non-inter-level travel time spent in this place.
 C = Inter-level travel time spent in this place.
 D = Time resting spent in this place.
 E = Time spent auto-exploring this place.
 F = Levels seen in this place.
 G = Mean time per level.
                   A        B        C        D        E       F      G
               +--------+--------+--------+--------+--------+-----+--------+
         Total | 100461 |  85673 |  14788 |   5921 |  59232 |  60 | 1674.3 |
       Dungeon |  25907 |  19703 |   6204 |   2749 |  12113 |  15 | 1727.1 |
        Temple |    219 |    200 |     19 |      0 |    183 |   1 |  219.0 |
          Lair |  11065 |   8868 |   2197 |    920 |   5806 |   5 | 2213.0 |
        Shoals |   7403 |   6950 |    453 |    443 |   5305 |   4 | 1850.8 |
   Spider Nest |   7478 |   5917 |   1561 |     66 |   4776 |   4 | 1869.5 |
    Slime Pits |   1163 |   1053 |    110 |    324 |      0 |   5 |  232.6 |
  Orcish Mines |   2995 |   2221 |    774 |     22 |   1684 |   2 | 1497.5 |
   Elven Halls |   6786 |   6134 |    652 |    210 |   4269 |   3 | 2262.0 |
        Vaults |  12970 |  11528 |   1442 |    104 |   9275 |   5 | 2594.0 |
         Crypt |   5601 |   5330 |    271 |    445 |   3242 |   3 | 1867.0 |
        Depths |   8597 |   7887 |    710 |     54 |   6179 |   4 | 2149.2 |
           Zot |   7494 |   7102 |    392 |    273 |   5364 |   5 | 1498.8 |
         Trove |     77 |     77 |      0 |      0 |      0 |   1 |   77.0 |
         Sewer |    779 |    779 |      0 |    250 |    189 |   1 |  779.0 |
      Ice Cave |   1142 |   1142 |      0 |     57 |    690 |   1 | 1142.0 |
        Wizlab |    777 |    777 |      0 |      0 |    153 |   1 |  777.0 |
               +--------+--------+--------+--------+--------+-----+--------+

Top non-repeatable levels by time:
    D:11: 3041 daAuts
Vaults:3: 2992 daAuts
  Lair:4: 2957 daAuts
Vaults:1: 2924 daAuts
Vaults:4: 2587 daAuts
Depths:4: 2539 daAuts
   Elf:1: 2463 daAuts
    D:14: 2422 daAuts
  Lair:1: 2404 daAuts
Vaults:5: 2386 daAuts
Depths:2: 2381 daAuts
   Elf:3: 2374 daAuts
 Crypt:3: 2301 daAuts
    D:15: 2278 daAuts
    D:10: 2223 daAuts
